 Dungeon Sprint DCSS version 0.29-a0-284-gf9362112df (webtiles) character file.

Game seed: 17223326209652492964

295088 mhtbhm the Conqueror (level 17, -51/191 HPs)
             Began as a Minotaur Berserker on Mar 19, 2022.
             Was the Champion of Trog.
             Killed from afar by a Hell Sentinel (62 damage)
             ... with damnation
             ... in the Dungeon (Sprint III: "The Ten Rune Challenge").
             The game lasted 00:41:07 (20495 turns).

mhtbhm the Conqueror (Minotaur Berserker)          Turns: 20495, Time: 00:41:07

Health: -51/191    AC: 48    Str: 34    XL:     17   Next: 86%
Magic:  19/19      EV: 24    Int: 17    God:    Trog [******]
Gold:   3476       SH: 38    Dex: 20    Spells: 16/16 levels left

rFire   x . .      SeeInvis .   E - +7 war axe "Impbane" {holy, Int+7 Dex-2}
rCold   . . .      Faith    .   y - +7 tower shield {reflect}
rNeg    . . .      Spirit   .   b - +10 crystal plate armour of Lethargy {Harm Rampage Will+ Dex+5}
rPois   .          Reflect  +   (helmet restricted)
rElec   +          Harm     +   i - +2 cloak
rCorr   +          Rampage  +   (no gloves)
Will    ++++.      NoTele   +   x - +1 pair of boots "Nuskoseu" {MP-9 Str+4 Dex+3}
Stlth   ..........              v - amulet of reflection
HPRegen 0.41/turn               r - ring of Kuel {Fly rF- rCorr MP+9}
MPRegen 0.16/turn               w - ring "Potusili" {rElec Will++ Int+4 Dex+6}

@: on berserk cooldown, flying, slowed, very slow
A: horns 2, retaliatory headbutt, claws 1, clever 1, clumsy 1, wild magic 1
}: 6/10 runes: serpentine, barnacled, slimy, silver, golden, demonic
a: Renounce Religion, Berserk, Trog's Hand, Brothers in Arms


You were in the Dungeon.
You worshipped Trog.
Trog was exalted by your worship.
You visited 1 branch You collected 7571 gold pieces.
You spent 4095 gold pieces at shops.

Inventory:

Hand Weapons
 t - a +4 broad axe of flaming
 A - a +0 battleaxe of freezing
 E - the +7 war axe "Impbane" (weapon) {holy, Int+7 Dex-2}
   (You acquired it in the Dungeon)

   It has been blessed by the Shining One to cause great damage to the undead
   and demons.
   Int:       It affects your intelligence (+7).
   Dex:       It affects your dexterity (-2).
 F - a +3 trishula of holy wrath
 H - a +4 vampiric broad axe
 I - a +9 vorpal executioner's axe
Missiles
 q - 29 silver javelins
 s - 10 datura-tipped darts
 u - 7 curare-tipped darts (quivered)
Armour
 b - the +10 crystal plate armour of Lethargy (worn) {Harm Rampage Will+ Dex+5}
   (You acquired it in the Dungeon)

   Dex:       It affects your dexterity (+5).
   Harm:      It increases damage dealt and taken.
   Rampage:   It bestows one free step when moving towards enemies.
   Will:      It increases your willpower.
 i - a +2 cloak (worn)
 x - the +1 pair of boots "Nuskoseu" (worn) {MP-9 Str+4 Dex+3}
   (You acquired it in the Dungeon)

   Str:       It affects your strength (+4).
   Dex:       It affects your dexterity (+3).
   MP:        It affects your magic capacity (-9).
 y - a +7 tower shield of reflection (worn)
 O - the +2 hood of the Assassin {Detection Stab+ Stlth++}
   (You found it in the Dungeon)

   It allows the wearer to sense nearby creatures.
   It allows the wearer to make particularly effective stabbing attacks against
   helpless or unaware enemies with any weapon.
   Stlth:     It makes you much more stealthy.
 R - the +2 cloak of the Thief {*Fog Slay-2 SInv Stlth+}
   (You found it in the Dungeon)

   It may release a thick cloud of smoke when the wearer is hurt.
   Slay:      It affects your accuracy & damage with ranged weapons and melee
   (-2).
   SInv:      It lets you see invisible.
   Stlth:     It makes you more stealthy.
Jewellery
 r - the ring of Kuel (left claw) {Fly rF- rCorr MP+9}
   (You took it off a deep elf pyromancer in the Dungeon)

   [ring of flight]

   rF:        It makes you vulnerable to fire.
   MP:        It affects your magic capacity (+9).
   Fly:       It grants you flight.
   rCorr:     It protects you from acid and corrosion.
 v - an amulet of reflection (around neck)
 w - the ring "Potusili" (right claw) {rElec Will++ Int+4 Dex+6}
   (You found it in the Dungeon)

   [ring of dexterity]

   Int:       It affects your intelligence (+4).
   Dex:       It affects your dexterity (+6).
   rElec:     It insulates you from electricity.
   Will:      It greatly increases your willpower.
Wands
 d - a wand of acid (12)
 B - a wand of mindburst (14)
 J - a wand of digging (2)
 P - a wand of polymorph (4)
Scrolls
 a - a scroll of fear
 h - 4 scrolls of blinking
 k - 2 scrolls of torment
 l - 11 scrolls of identify
 n - 2 scrolls of immolation
 L - a scroll of holy word
 N - a scroll of magic mapping
Potions
 c - 9 potions of curing
 e - 7 potions of haste
 f - 2 potions of magic
 g - 2 potions of berserk rage
 j - 2 potions of mutation
 m - 5 potions of flight
 o - a potion of might
 z - 4 potions of attraction
 C - a potion of degeneration
 K - a potion of heal wounds
 Q - a potion of lignification
 T - 3 potions of resistance
Miscellaneous
 p - a lightning rod (4/4)
 D - a phantom mirror
 G - a box of beasts
 M - the horn of Geryon
 S - a condenser vane


   Skills:
 O Level 27 Fighting
 + Level 6.2(7.4) Short Blades
 + Level 6.8(8.2) Long Blades
 O Level 27 Axes
 + Level 6.9(19.5) Maces & Flails
 + Level 6.8(19.5) Polearms
 + Level 6.4(9.1) Staves
 + Level 5.8(7.2) Slings
 + Level 5.9 Bows
 + Level 5.8 Crossbows
 + Level 5.8(6.8) Throwing
 O Level 27 Armour
 O Level 27 Dodging
 - Level 14.3 Stealth
 O Level 27 Shields
 + Level 5.8 Unarmed Combat
 + Level 5.3 Invocations
 + Level 15.8 Evocations


You had 16 spell levels left.
You didn't know any spells.
Your spell library was empty.

Dungeon Overview and Level Annotations

Branches:
Dungeon (1/1)

Altars:
Cheibriados
Dithmenos
Elyvilon
Fedhas
Gozag
Hepliaklqana
Kikubaaqudgha
Makhleb
Nemelex Xobeh
Okawaru
Qazlal
Ru
Sif Muna
Trog
Uskayaw
Vehumet
Wu Jian
Xom
Yredelemnul
Zin
The Shining One
Beogh
Jiyva
Lugonu

Shops:
D :!(?!:!([[[!(?[=[?![*!:

Annotations:
D Dispater


Innate Abilities, Weirdness & Mutations

You have a pair of horns on your head.
You reflexively headbutt those who attack you in melee.
You have sharp fingernails.
Your mind is acute. (Int +2)
You are clumsy. (Dex -2)
Your spells are a little harder to cast, but a little more powerful.


Message History

You completely miss the Hell Sentinel.
Your stone giant hits Dispater!
You hit Dispater but do no damage.
Dispater is lightly wounded.
You hit the Hell Sentinel but do no damage.
The Hell Sentinel gestures at you. The iron shot hits you!!
* * * LOW HITPOINT WARNING * * *
You block Dispater's attack.
Your stone giant hits Dispater but does no damage.
You hit Dispater but do no damage.
Dispater is lightly wounded.
You barely miss the Hell Sentinel. You slash the Hell Sentinel!
The Hell Sentinel convulses!!
Unknown command.
You hit Dispater but do no damage.
Dispater is lightly wounded.
You hit the Hell Sentinel.
The Hell Sentinel convulses.
You slash the Hell Sentinel!
The Hell Sentinel convulses!
Your stone giant hits Dispater!!
You block the Hell Sentinel's attack. x2
Dispater hits your stone giant with the +4 staff of Dispater!
You slice Dispater like a ripe choko!!!
Dispater convulses!!!!
You headbutt Dispater, but do no damage.
Dispater is severely wounded.
You hit the Hell Sentinel but do no damage.
You slash the Hell Sentinel!
The Hell Sentinel convulses!!
You slash the Hell Sentinel!
The Hell Sentinel convulses!
Your stone giant hits Dispater but does no damage.
You hit Dispater but do no damage.
You headbutt Dispater, but do no damage.
Dispater is severely wounded.
You slice the Hell Sentinel!!
The Hell Sentinel convulses.
You hit the Hell Sentinel but do no damage.
You slash the Hell Sentinel!
The Hell Sentinel convulses!
You are no longer berserk.
You are exhausted.
You feel yourself slow down.
You block the Hell Sentinel's attack. x2
You block Dispater's attack. The Hell Sentinel gestures at you.
The sphere of damnation explodes!
The damnation engulfs you!!!
You die...

###...### #∩.###########▓
##### #∩.......†...#▓
##...........#▓ #############▓
##############**************#
#.'..#.......#*≈,,,,,,,,,,,*#
#.#..').####C#*≈≈,,,,,,*****#
#.####..#..&.#*≈≈≈≈,,,,≈≈≈≈*#
#.#.[##'#..1@#*,≈≈≈≈≈≈≈≈≈≈,*#
#.#.[#..#..11#*,≈≈≈≈≈≈≈≈≈≈,*#
#.'..#..#.):φ#*,,,≈≈≈≈≈≈,,,*#
######''######*,,,,,≈≈,,,,,*#
##.#.#..#.#.##*,,,,,,,,,,,,*#
#....))).....#*8,,,,,,,,,,8*#
▓######)#############+########
▓.......)....................#
▓............)...............#


You could see Dispater (ally target), 3 Hell Sentinels and a friendly stone
giant (summoned, berserk).

Vanquished Creatures
  the Royal Jelly (D)
  Mara (D)
  Mennas (D)
  2 royal mummies (D)
  Boris (D)
  Sojobo (D)
  Sigmund (D)
  A Killer Klown (D)
  Geryon (D)
  Nikola (D)
  Nellie (D)
  An iron giant (D)
  3 Ice Fiends (D)
  2 Hell Sentinels (D)
  A lich (D)
  A titan (D)
  Rupert (D)
  3 deep elf blademasters (D)
  An Executioner (D)
  An ancient champion (D)
  Chuck (D)
  4 acid blobs (D)
  Polyphemus (D)
  Gastronok (D)
  2 sphinxes (D)
  Roxanne (D)
  6 rockslimes (D)
  5 shadow dragons (D)
  A storm dragon (D)
  9 azure jellies (D)
  A draconian knight (D)
  Ilsuiw (D)
  An iron dragon (D)
  A frost giant (D)
  A nagaraja (D)
  7 quicksilver oozes (D)
  4 war gargoyles (D)
  4 stone giants (D)
  A deep elf demonologist (D)
  2 vampire knights (D)
  Nessos (D)
  2 deep elf annihilators (D)
  Azrael (D)
  2 dire elephants (D)
  A yellow draconian (D)
  A merfolk javelineer (D)
  A fire dragon (D)
  An iron golem (D)
  2 deep elf death magi (D)
  8 mummy priests (D)
  3 yaktaur captains (D)
  15 vault guards (D)
  Erolcha (D)
  2 hydras (D)
  A hydra (shapeshifter) (D)
  A naga warrior (D)
  2 hell beasts (D)
  2 centaur warriors (D)
  An ogre mage (D)
  3 anacondas (D)
  4 dancing weapons (D)
  2 iron elementals (D)
  4 death yaks (D)
  2 soul eaters (D)
  2 sun demons (D)
  A deep elf knight (D)
  3 orc high priests (D)
  A titan zombie (D)
  Urug (D)
  9 skeletal warriors (D)
  A golden dragon zombie (D)
  A sea snake (D)
  A spriggan druid (D)
  An anaconda zombie (D)
  A death drake (D)
  A spectral iron dragon (D)
  3 kraken simulacra (D)
  A glowing orange brain (D)
  2 obsidian statues (D)
  An orb spider (shapeshifter) (D)
  3 deep elf zephyrmancers (D)
  3 deep elf pyromancers (D)
  A lindwurm (D)
  2 orc knights (D)
  A mana viper (shapeshifter) (D)
  A shining eye (shapeshifter) (D)
  An orc sorcerer (D)
  3 crystal guardians (D)
  4 ugly things (D)
  3 shining eyes (D)
  2 elephants (D)
  2 oklob plants (D)
  8 black mambas (D)
  8 statues (D)
  3 rust devils (D)
  A guardian serpent (D)
  2 cane toads (D)
  A molten gargoyle (D)
  Edmund (D)
  A rime drake (D)
  14 yaktaurs (D)
  An anaconda simulacrum (D)
  2 ice devils (D)
  A komodo dragon (D)
  15 guardian mummies (D)
  A queen bee (D)
  4 spriggan defenders (D)
  A slime creature (shapeshifter) (D)
  3 hornets (D)
  2 tyrant leeches (D)
  8 blink frogs (D)
  3 dream sheep (D)
  3 wandering mushrooms (D)
  10 slime creatures (D)
  2 spriggans (D)
  A shadow (D)
  A golden eye (D)
  5 redbacks (D)
  3 iron troll simulacra (D)
  2 nagas (D)
  A spatial vortex (D)
  A hydra simulacrum (D)
  A water moccasin (D)
  6 floating eyes (D)
  A floating eye (shapeshifter) (D)
  A swamp drake (D)
  2 orc warriors (D)
  A fire dragon simulacrum (D)
  5 two-headed ogres (D)
  A water elemental (D)
  A necrophage (D)
  32 killer bees (D)
  An electric eel (D)
  A jelly (D)
  5 orc priests (D)
  Crazy Yiuf (D)
  Jessica (D)
  A wizard (D)
  A necromancer (D)
  3 orc wizards (D)
  2 wolf simulacra (D)
  3 humans (D)
  A kobold demonologist (D)
  5 adders (D)
  A dart slug (D)
  7 orcs (D)
  An endoplasm (D)
  2 rats (D)
  4 bushes (D)
  A butterfly (D)
  7 plants (D)
  2 tentacles (D)
409 creatures vanquished.

Vanquished Creatures (collateral kills)
  A quicksilver dragon (D)
  2 vault guards (D)
  A crystal guardian (D)
  A guardian mummy (D)
  8 butterflies (D)
13 creatures vanquished.

Vanquished Creatures (others)
  A deep elf knight (D)
  A shadow wraith (D)
  An electric eel (D)
  2 ball lightnings (D)
  6 ballistomycete spores (D)
  37 plants (D)
  6 tentacles (D)
54 creatures vanquished.

Grand Total: 476 creatures vanquished

Notes
Turn   | Place    | Note
-------+----------+-------------------------------------------
     0 | D        | mhtbhm the Minotaur Berserker began the quest for the Orb.
     0 | D        | Reached XP level 1. HP: 19/19 MP: 0/0
    13 | D        | Noticed Jessica
    16 | D        | Reached ** piety under Trog
    18 | D        | Killed Jessica
    19 | D        | Reached skill level 5 in Fighting
    19 | D        | Reached skill level 5 in Axes
    19 | D        | Reached XP level 2. HP: 9/30 MP: 1/1
    19 | D        | Reached XP level 3. HP: 11/37 MP: 2/2
   399 | D        | Noticed Crazy Yiuf
   404 | D        | Killed Crazy Yiuf
   405 | D        | Reached XP level 4. HP: 47/47 MP: 3/3
   469 | D        | Gained mutation: You possess an exceptional clarity of
                  | mind. [potion of mutation]
   469 | D        | Gained mutation: You have a pair of large horns on your
                  | head. [potion of mutation]
   469 | D        | Gained mutation: You are partially covered in iridescent
                  | scales. (AC +2) [potion of mutation]
   485 | D        | Noticed a water elemental
   489 | D        | Killed a water elemental
   489 | D        | Reached *** piety under Trog
   490 | D        | Reached skill level 1 in Stealth
   551 | D        | Found a basalt altar of Yredelemnul.
   551 | D        | Found a shadowy altar of Dithmenos.
   551 | D        | Found a sacrificial altar of Ru.
   551 | D        | Noticed a necrophage
   555 | D        | Killed a necrophage
   556 | D        | Reached XP level 5. HP: 57/57 MP: 4/4
   605 | D        | Found a radiant altar of Vehumet.
   605 | D        | Found a shimmering blue altar of Sif Muna.
   605 | D        | Found an ancient bone altar of Kikubaaqudgha.
   607 | D        | Reached **** piety under Trog
   622 | D        | Found a hide-covered altar of Uskayaw.
   622 | D        | Found an iron altar of Okawaru.
   622 | D        | Found a bloodstained altar of Trog.
   622 | D        | Found an ornate altar of the Wu Jian Council.
   622 | D        | Noticed a human
   623 | D        | Noticed a human
   630 | D        | Killed a human
   631 | D        | Reached skill level 10 in Fighting
   631 | D        | Reached skill level 5 in Armour
   631 | D        | Reached skill level 5 in Dodging
   631 | D        | Reached XP level 6. HP: 67/67 MP: 5/5
   631 | D        | Killed a human
   631 | D        | Reached ***** piety under Trog
   632 | D        | Reached XP level 7. HP: 74/74 MP: 6/6
   686 | D        | Found a glowing silver altar of Zin.
   686 | D        | Found a glowing golden altar of the Shining One.
   686 | D        | Found a white marble altar of Elyvilon.
   687 | D        | Noticed a deep elf pyromancer
   691 | D        | Noticed a fire elemental
   693 | D        | Killed a deep elf pyromancer
   743 | D        | Noticed a shadow
   746 | D        | Killed a shadow
   747 | D        | Reached skill level 5 in Stealth
   747 | D        | Reached XP level 8. HP: 85/85 MP: 7/7
   756 | D        | Found a blossoming altar of Fedhas.
   756 | D        | Found a stormy altar of Qazlal.
   756 | D        | Found a snail-covered altar of Cheibriados.
   756 | D        | Found a burning altar of Makhleb.
   756 | D        | Found a shimmering altar of Xom.
   757 | D        | Found a hazy altar of Hepliaklqana.
   757 | D        | Found an opulent altar of Gozag.
   757 | D        | Found a sparkling altar of Nemelex Xobeh.
   757 | D        | Found a corrupted altar of Lugonu.
   757 | D        | Found a viscous altar of Jiyva.
  1010 | D        | Noticed a two-headed ogre
  1031 | D        | Killed a two-headed ogre
  1032 | D        | Reached skill level 15 in Axes
  1069 | D        | Noticed Erolcha
  1070 | D        | Noticed a two-headed ogre
  1083 | D        | Killed a two-headed ogre
  1083 | D        | Received a gift from Trog
  1084 | D        | Reached XP level 9. HP: 95/95 MP: 8/8
  1090 | D        | Killed Erolcha
  1091 | D        | Reached skill level 15 in Fighting
  1094 | D        | Reached ****** piety under Trog
  1251 | D        | Noticed a wandering mushroom
  1255 | D        | Noticed a wandering mushroom
  1257 | D        | Noticed a wandering mushroom
  1328 | D        | Noticed a cane toad
  1328 | D        | Noticed a komodo dragon
  1328 | D        | Noticed a cane toad
  1334 | D        | Killed a cane toad
  1334 | D        | Received a gift from Trog
  1338 | D        | Killed a cane toad
  1339 | D        | Reached XP level 10. HP: 107/107 MP: 3/9
  1786 | D        | Reached skill level 10 in Armour
  1880 | D        | Noticed a lindwurm
  1892 | D        | Killed a lindwurm
  1989 | D        | Received a gift from Trog
  1990 | D        | Noticed Urug
  2004 | D        | Killed Urug
  2143 | D        | Received a gift from Trog
  2331 | D        | Received a gift from Trog
  2333 | D        | Reached skill level 1 in Evocations
  2333 | D        | Reached XP level 11. HP: 118/118 MP: 3/10
  2333 | D        | Identified the +5 dire flail of Lugud {flame, Dex+4} (Trog
                  | gifted it to you in the Dungeon)
  2333 | D        | Received a gift from Trog
  2336 | D        | Received a gift from Trog
  2553 | D        | Noticed an orc high priest
  2554 | D        | Found Unau's Magic Scroll Shop.
  2556 | D        | Received a gift from Trog
  2560 | D        | Killed an orc high priest
  2563 | D        | Noticed an orc sorcerer
  2573 | D        | Killed an orc sorcerer
  2573 | D        | Received a gift from Trog
  2701 | D        | Bought a scroll of blinking for 82 gold pieces
  2795 | D        | Noticed a deep elf zephyrmancer
  2795 | D        | Noticed a deep elf zephyrmancer
  2795 | D        | Noticed a deep elf zephyrmancer
  2795 | D        | Noticed a deep elf knight
  2795 | D        | Noticed a deep elf pyromancer
  2805 | D        | Killed a deep elf knight
  2806 | D        | Noticed a deep elf pyromancer
  2807 | D        | Noticed a deep elf annihilator
  2811 | D        | Killed a deep elf zephyrmancer
  2816 | D        | Killed a deep elf pyromancer
  2817 | D        | Killed a deep elf zephyrmancer
  2817 | D        | Received a gift from Trog
  2821 | D        | Noticed a deep elf demonologist
  2821 | D        | Noticed a deep elf annihilator
  2823 | D        | Killed a deep elf zephyrmancer
  2962 | D        | Identified the ring of Kuel {Fly rF- rCorr MP+9}
  2985 | D        | Killed a deep elf pyromancer
  3100 | D        | Noticed a deep elf death mage
  3108 | D        | Killed a deep elf death mage
  3108 | D        | Identified the +4 battleaxe of Waxaecizyt {vorpal, Drain
                  | rElec rN++ Will+} (Trog gifted it to you in the Dungeon)
  3108 | D        | Received a gift from Trog
  3110 | D        | Killed a deep elf demonologist
  3403 | D        | Noticed Sigmund
  3403 | D        | Noticed Edmund
  3409 | D        | Killed Edmund
  3410 | D        | Reached skill level 10 in Stealth
  3410 | D        | Killed Sigmund
  3411 | D        | Reached skill level 5 in Evocations
  3411 | D        | Reached XP level 12. HP: 125/132 MP: 11/11
  3454 | D        | Received a gift from Trog
  3747 | D        | Reached skill level 15 in Armour
  3747 | D        | Reached skill level 10 in Dodging
  3757 | D        | Found Izolilak's Magic Scroll Emporium.
  3757 | D        | Found Pyequck's Distillery.
  3757 | D        | Found Okhlarrof's Book Shoppe.
  3757 | D        | Found Fuelammy's Antique Armour Boutique.
  3757 | D        | Found Orraodwu's Distillery.
  3757 | D        | Found Saemaqil's Assorted Antiques.
  3757 | D        | Found Piskuis's Antique Armour Boutique.
  3758 | D        | Found Woefyr's Jewellery Boutique.
  3758 | D        | Found Quamodak's Antique Armour Shoppe.
  3758 | D        | Found Cetudghie's Magic Scroll Shop.
  3758 | D        | Found Dyogaguo's Antique Weapon Emporium.
  3810 | D        | Bought a warped scale mail for 171 gold pieces
  3810 | D        | Identified the +1 scale mail "Zisubiw" {rPois rN+} (You
                  | bought it in a shop in the Dungeon)
  3823 | D        | Bought an amulet of reflection for 360 gold pieces
  3832 | D        | Bought a potion of haste for 140 gold pieces
  3832 | D        | Bought a potion of heal wounds for 70 gold pieces
  3832 | D        | Bought a potion of heal wounds for 70 gold pieces
  3832 | D        | Bought a potion of flight for 42 gold pieces
  4164 | D        | Received a gift from Trog
  4393 | D        | Noticed a fire dragon
  4398 | D        | Killed a fire dragon
  4405 | D        | Noticed a centaur warrior
  4408 | D        | Received a gift from Trog
  4411 | D        | Killed a centaur warrior
  4471 | D        | Reached skill level 1 in Shields
  4617 | D        | Received a gift from Trog
  4665 | D        | Noticed a yaktaur captain
  4680 | D        | Killed a yaktaur captain
  4790 | D        | Noticed Chuck
  4845 | D        | Killed Chuck
  4846 | D        | Reached XP level 13. HP: 79/145 MP: 12/12
  4849 | D        | Identified the ring "Potusili" {rElec Will++ Int+4 Dex+6}
  5376 | D        | Identified the +7 battleaxe "Tezof" {antimagic, Fragile
                  | rF++ Will+ Str+8} (Trog gifted it to you in the Dungeon)
  5376 | D        | Received a gift from Trog
  5629 | D        | Noticed an ancient lich
  5906 | D        | Noticed Azrael
  5913 | D        | Killed Azrael
  6071 | D        | Acquired 1036 gold pieces
  6075 | D        | Acquired 867 gold pieces
  6147 | D        | Received a gift from Trog
  6327 | D        | Noticed Polyphemus
  6346 | D        | Killed Polyphemus
  6431 | D        | Noticed Ilsuiw
  6443 | D        | Killed Ilsuiw
  6443 | D        | Identified the +4 rapier of Bloody Death {vorpal, Will+
                  | Stlth+} (Trog gifted it to you in the Dungeon)
  6443 | D        | Received a gift from Trog
  6487 | D        | Got a barnacled rune of Zot
  6503 | D        | Found Qiac Pudd's Antique Weapon Shoppe.
  6503 | D        | Found Destrol's Distillery.
  6503 | D        | Found Uvebigh's Book Emporium.
  6503 | D        | Noticed a merfolk javelineer
  6514 | D        | Killed a merfolk javelineer
  6547 | D        | Bought a potion of haste for 120 gold pieces
  6547 | D        | Bought a potion of haste for 120 gold pieces
  6547 | D        | Bought a potion of experience for 600 gold pieces
  6554 | D        | Reached XP level 14. HP: 157/158 MP: 13/13
  6574 | D        | Found a blossoming altar of Fedhas.
  6931 | D        | Noticed Gastronok
  6937 | D        | Reached skill level 5 in Shields
  6944 | D        | Received a gift from Trog
  6949 | D        | Killed Gastronok
  7035 | D        | Noticed an azure jelly
  7035 | D        | Noticed an azure jelly
  7035 | D        | Noticed an azure jelly
  7036 | D        | Noticed an azure jelly
  7039 | D        | Noticed Rupert
  7050 | D        | Killed Rupert
  7162 | D        | Received a gift from Trog
  7218 | D        | Received a gift from Trog
  7459 | D        | Reached skill level 1 in Throwing
  7561 | D        | Received a gift from Trog
  7576 | D        | Noticed a nagaraja
  7578 | D        | Found Ficirics's Book Boutique.
  7578 | D        | Found Pero's Distillery.
  7581 | D        | Found Puisej's Antique Weapon Shop.
  7583 | D        | Reached XP level 15. HP: 171/171 MP: 14/14
  7587 | D        | Killed a nagaraja
  7788 | D        | Got a serpentine rune of Zot
  7895 | D        | Killed an azure jelly
  7898 | D        | Killed an azure jelly
  7901 | D        | Killed an azure jelly
  7901 | D        | Received a gift from Trog
  7904 | D        | Killed an azure jelly
  8157 | D        | Noticed a deep elf blademaster
  8160 | D        | Identified the +4 scimitar of the Briny Deep {vorpal, *Slow
                  | rN+ Int+5}
  8169 | D        | Killed a deep elf blademaster
  8180 | D        | Received a gift from Trog
  8365 | D        | Bought a scroll of identify for 28 gold pieces
  8365 | D        | Bought a scroll of enchant weapon for 105 gold pieces
  8365 | D        | Bought a scroll of enchant weapon for 105 gold pieces
  8365 | D        | Bought a scroll of identify for 28 gold pieces
  8365 | D        | Bought a scroll of magic mapping for 49 gold pieces
  8372 | D        | Bought a scroll of acquirement for 1560 gold pieces
  8372 | D        | Acquired a +2 vampiric broad axe
  8479 | D        | Noticed Sojobo
  8488 | D        | Killed Sojobo
  8579 | D        | Reached skill level 15 in Dodging
  8707 | D        | Noticed a lich
  8714 | D        | Killed a lich
  8714 | D        | Received a gift from Trog
  8765 | D        | Noticed a shadow dragon
  8765 | D        | Noticed a shadow dragon
  8779 | D        | Killed a shadow dragon
  8781 | D        | Received a gift from Trog
  8786 | D        | Killed a shadow dragon
  9068 | D        | Noticed a sphinx
  9068 | D        | Noticed a sphinx
  9086 | D        | Killed a sphinx
  9089 | D        | Killed a sphinx
  9211 | D        | Received a gift from Trog
  9593 | D        | Reached skill level 27 in Fighting
 10283 | D        | Noticed a royal mummy
 10311 | D        | Killed a royal mummy
 10762 | D        | Noticed a royal mummy
 10765 | D        | Received a gift from Trog
 10771 | D        | Noticed an emperor scorpion
 10771 | D        | Noticed an emperor scorpion
 10771 | D        | Noticed an emperor scorpion
 10780 | D        | Killed a royal mummy
 10781 | D        | Reached skill level 27 in Axes
 11244 | D        | Identified the +4 chain mail of Qaichai {Str+6 Int-2 Dex+6}
 11250 | D        | Received a gift from Trog
 11843 | D        | Received a gift from Trog
 11860 | D        | Got a golden rune of Zot
 11887 | D        | Acquired the +10 crystal plate armour of Lethargy {Harm
                  | Rampage Will+ Dex+5}
 12094 | D        | Reached XP level 16. HP: 183/183 MP: 15/15
 12243 | D        | Found Xempul's Armour Shop.
 12244 | D        | Found Pelioz's Distillery.
 12244 | D        | Found Vopriril's Armour Shop.
 12244 | D        | Found Safooq's Armour Emporium.
 12264 | D        | Bought a potion of curing for 42 gold pieces
 12295 | D        | Noticed Boris
 12299 | D        | Reached skill level 27 in Armour
 12309 | D        | Killed Boris
 12309 | D        | Received a gift from Trog
 12325 | D        | Reached skill level 10 in Shields
 12645 | D        | Identified Roxanne's Almanac of Earth
 12645 | D        | Noticed Roxanne
 12658 | D        | Killed Roxanne
 12658 | D        | Received a gift from Trog
 12840 | D        | Found Beusablu's Distillery.
 12895 | D        | Bought a potion of heal wounds for 55 gold pieces
 12977 | D        | Noticed Nikola
 12977 | D        | Noticed a storm dragon
 12984 | D        | Killed a storm dragon
 12992 | D        | Killed Nikola
 13229 | D        | Received a gift from Trog
 13244 | D        | Acquired 443 gold pieces
 13248 | D        | Acquired 1234 gold pieces
 13252 | D        | Acquired 524 gold pieces
 13256 | D        | Acquired the +1 pair of boots "Nuskoseu" {MP-9 Str+4 Dex+3}
 13310 | D        | Identified the +5 war axe of Cydihin {vorpal, rC++ Will+
                  | Stlth+} (Trog gifted it to you in the Dungeon)
 13310 | D        | Received a gift from Trog
 13412 | D        | Received a gift from Trog
 13556 | D        | Noticed an Executioner
 13559 | D        | Killed an Executioner
 13616 | D        | Noticed Nessos
 13620 | D        | Killed Nessos
 13620 | D        | Received a gift from Trog
 13727 | D        | Paralysed by a floating eye for 3 turns
 13732 | D        | Gained mutation: Your body sometimes deteriorates upon
                  | taking damage. [a shining eye]
 13733 | D        | Paralysed by a floating eye for 3 turns
 13864 | D        | Lost mutation: You possess an exceptional clarity of mind.
                  | [potion of mutation]
 13864 | D        | Lost mutation: You are partially covered in iridescent
                  | scales. (AC +2) [potion of mutation]
 13864 | D        | Lost mutation: Your body sometimes deteriorates upon taking
                  | damage. [potion of mutation]
 13864 | D        | Gained mutation: You are somewhat resistant to further
                  | mutation. [potion of mutation]
 13864 | D        | Gained mutation: You have sharp fingernails. [potion of
                  | mutation]
 13871 | D        | Noticed a deep elf blademaster
 13871 | D        | Noticed a deep elf blademaster
 13889 | D        | Killed a deep elf blademaster
 13895 | D        | Killed a deep elf blademaster
 13895 | D        | Received a gift from Trog
 14136 | D        | Noticed a Killer Klown
 14146 | D        | Killed a Killer Klown
 14147 | D        | Reached skill level 15 in Shields
 14518 | D        | Found the +2 hood of the Assassin {Detection Stab+ Stlth++}
 16314 | D        | Bought a potion of curing for 90 gold pieces
 16319 | D        | Bought a potion of haste for 100 gold pieces
 16328 | D        | Bought a scroll of identify for 24 gold pieces
 16462 | D        | Noticed a quicksilver dragon
 16462 | D        | Noticed a titan
 16462 | D        | Noticed a shadow dragon
 16462 | D        | Noticed a shadow dragon
 16462 | D        | Noticed a shadow dragon
 16469 | D        | Received a gift from Trog
 16473 | D        | Reached skill level 27 in Dodging
 16476 | D        | Killed a shadow dragon
 16477 | D        | Killed a quicksilver dragon
 16482 | D        | Killed a shadow dragon
 16482 | D        | Identified the +7 hand axe of Truncation {vorpal, Will+}
                  | (Trog gifted it to you in the Dungeon)
 16482 | D        | Received a gift from Trog
 16483 | D        | Killed a titan
 16488 | D        | Received a gift from Trog
 16494 | D        | Received a gift from Trog
 16495 | D        | Reached XP level 17. HP: 191/191 MP: 16/16
 16519 | D        | Got a silver rune of Zot
 16525 | D        | Identified the +1 leather armour "Jigrec" {rN+}
 16526 | D        | Identified the +8 glaive of the Winnowing Gods {flame, rF-
                  | Str+5 Int+4}
 16581 | D        | Identified the +6 rapier of Arelyir {elec, Str+4 Int+2}
 16584 | D        | Identified the +5 dagger "Kiogucw" {antimagic, *Slow Will+
                  | rCorr}
 16753 | D        | Noticed Mara
 16756 | D        | Noticed mhtbhm's illusion
 16765 | D        | Killed Mara
 16873 | D        | Received a gift from Trog
 16958 | D        | Acquired the +7 war axe "Impbane" {holy, Int+7 Dex-2}
 16976 | D        | Noticed Mennas
 16993 | D        | Killed Mennas
 16994 | D        | Reached skill level 27 in Shields
 17056 | D        | Reached skill level 1 in Short Blades
 17056 | D        | Reached skill level 1 in Long Blades
 17056 | D        | Reached skill level 1 in Maces & Flails
 17056 | D        | Reached skill level 1 in Polearms
 17056 | D        | Reached skill level 1 in Staves
 17056 | D        | Reached skill level 1 in Slings
 17056 | D        | Reached skill level 1 in Bows
 17056 | D        | Reached skill level 1 in Crossbows
 17056 | D        | Reached skill level 1 in Unarmed Combat
 17056 | D        | Reached skill level 1 in Invocations
 17315 | D        | Noticed Geryon
 17325 | D        | Received a gift from Trog
 17345 | D        | Killed Geryon
 17478 | D        | Noticed an iron giant
 17486 | D        | Received a gift from Trog
 17488 | D        | Killed an iron giant
 17489 | D        | Reached skill level 5 in Long Blades
 17489 | D        | Reached skill level 5 in Maces & Flails
 17489 | D        | Reached skill level 5 in Polearms
 17496 | D        | Reached skill level 5 in Staves
 17601 | D        | Received a gift from Trog
 17602 | D        | Reached skill level 5 in Short Blades
 17611 | D        | Reached skill level 5 in Bows
 17611 | D        | Reached skill level 5 in Throwing
 17611 | D        | Reached skill level 5 in Unarmed Combat
 17647 | D        | Found the +2 cloak of the Thief {*Fog Slay-2 SInv Stlth+}
 17648 | D        | Noticed a Hell Sentinel
 17654 | D        | Killed a Hell Sentinel
 17655 | D        | Reached skill level 5 in Slings
 17655 | D        | Reached skill level 5 in Crossbows
 17661 | D        | Identified the -9 tower shield "Sotwuga" {rN++ Stlth+}
 17887 | D        | Noticed an Ice Fiend
 17891 | D        | Killed an Ice Fiend
 17892 | D        | Reached skill level 5 in Invocations
 18159 | D        | Noticed an Ice Fiend
 18168 | D        | Killed an Ice Fiend
 18950 | D        | Noticed Nellie
 18957 | D        | Killed Nellie
 18958 | D        | Reached skill level 10 in Evocations
 18964 | D        | Got a demonic rune of Zot
 19042 | D        | Bought a scroll of enchant armour for 82 gold pieces
 19159 | D        | Received a gift from Trog
 19162 | D        | Gained mutation: Armour fits poorly on your strangely
                  | shaped body. [a shining eye]
 19166 | D        | Lost mutation: Armour fits poorly on your strangely shaped
                  | body. [potion of mutation]
 19166 | D        | Lost mutation: You have a pair of large horns on your head.
                  | [potion of mutation]
 19166 | D        | Lost mutation: You are somewhat resistant to further
                  | mutation. [potion of mutation]
 19166 | D        | Gained mutation: Your spells are a little harder to cast,
                  | but a little more powerful. [potion of mutation]
 19166 | D        | Gained mutation: Your mind is acute. (Int +2) [potion of
                  | mutation]
 19257 | D        | Noticed an acid blob
 19259 | D        | Gained mutation: You are clumsy. (Dex -2) [a shining eye]
 19268 | D        | Killed an acid blob
 19276 | D        | Received a gift from Trog
 19553 | D        | Found a viscous altar of Jiyva.
 19553 | D        | Noticed the Royal Jelly
 19556 | D        | Noticed an acid blob
 19565 | D        | Killed an acid blob
 19567 | D        | Noticed an acid blob
 19567 | D        | Noticed an acid blob
 19568 | D        | Killed the Royal Jelly
 19572 | D        | Killed an acid blob
 19575 | D        | Killed an acid blob
 19623 | D        | Got a slimy rune of Zot
 19967 | D        | Bought a potion of curing for 42 gold pieces
 19969 | D        | Bought a potion of degeneration for 10 gold pieces
 20054 | D        | Noticed an Ice Fiend
 20066 | D        | Killed an Ice Fiend
 20067 | D        | Reached skill level 15 in Evocations
 20474 | D        | Found the +2 Maxwell's thermic engine {flame, freeze}
 20474 | D        | Noticed a Hell Sentinel
 20474 | D        | Found the +4 staff of Dispater
 20474 | D        | Noticed Dispater
 20475 | D        | Noticed a Hell Sentinel
 20475 | D        | Noticed a Hell Sentinel
 20476 | D        | Noticed a Hell Sentinel
 20485 | D        | Killed a Hell Sentinel
 20490 | D        | Noticed a Hell Sentinel
 20495 | D        | Killed from afar by a Hell Sentinel

Illustrated notes

Levels and vault maps discovered:
D:        dungeon_sprint_mu [sprint_mu_entry_forest, sprint_mu_temple_rooms,
          sprint_mu_d1_spiders, sprint_mu_d2_genie, sprint_mu_d3_branching,
          sprint_mu_orc_legion, sprint_mu_elf_gauntlet, sprint_mu_hive_nellie,
          sprint_mu_lair_fedhas, sprint_mu_vaults_butterflies,
          sprint_mu_slime_circle, sprint_mu_shoals_archi,
          sprint_mu_snake_twists, sprint_mu_blade_basic, sprint_mu_crypt_lich,
          sprint_mu_tomb_spiral, sprint_mu_vestibule_basic,
          sprint_mu_gehenna_hellfire, sprint_mu_dis_giant,
          sprint_mu_tartarus_statrot, sprint_mu_cocytus_islands, sprint_mu_zot1]

Skill      XL: |  1  2  3  4  5  6  7  8  9 10 11 12 13 14 15 16 17 |
---------------+----------------------------------------------------+-----
Fighting       | 5 7 9 10 11 12 14 15 17 19 22 23 25 27 | 27.0
Axes           | 5 7 9 11 13 15 17 19 21 23 24 25 27 | 27.0
Armour         | 3 4 5 6 7 9 12 14 16 17 18 26 27 | 27.0
Dodging        | 3 4 5 6 7 8 9 10 11 12 20 27 | 27.0
Stealth        | 1 3 5 6 7 8 10 11 13 14 | 14.3
Evocations     | 1 5 6 15 | 15.8
Shields        | 1 4 6 8 23 27 | 27.0
Throwing       | 1 5 |  5.8
Short Blades   | 6 |  6.2
Long Blades    | 6 |  6.8
Maces & Flails | 6 |  6.9
Polearms       | 6 |  6.8
Staves         | 6 |  6.4
Slings         | 5 |  5.8
Bows           | 5 |  5.9
Crossbows      | 5 |  5.8
Unarmed Combat | 5 |  5.8
Invocations    | 5 |  5.3

Action                   |  1- 3 |  4- 6 |  7- 9 | 10-12 | 13-15 | 16-18 || total
-------------------------+-------+-------+-------+-------+-------+-------++-------
Melee: Hand axe          |    14 |    20 |    82 |    98 |       |       ||   214
       Headbutt          |     6 |     4 |    20 |    44 |    91 |   122 ||   287
       Punch             |       |       |     1 |     1 |       |       ||     2
       Broad axe         |       |       |       |    19 |       |   114 ||   133
       Battleaxe         |       |       |       |   103 |   327 |   209 ||   639
       War axe           |       |       |       |       |       |    53 ||    53
Throw: Dart              |       |       |       |       |     2 |       ||     2
Invok: Berserk           |     2 |     2 |     4 |     8 |    18 |    15 ||    49
       Brothers in Arms  |       |       |       |     2 |     4 |     2 ||     8
       Trog's Hand       |       |       |       |       |       |     3 ||     3
Evoke: Lightning rod     |       |       |     1 |    16 |       |       ||    17
       Wand              |       |       |       |       |       |     5 ||     5
  Use: Potion            |       |     1 |       |     3 |     3 |     6 ||    13
       Scroll            |       |       |       |       |    10 |    16 ||    26
 Stab: Sleeping          |       |     2 |       |     9 |     8 |       ||    19
       Invisible         |       |       |       |     1 |       |     7 ||     8
       Distracted        |       |       |       |       |     3 |       ||     3
Armor: Animal skin       |       |     2 |       |       |       |       ||     2
       Scale mail        |       |       |     7 |    42 |   104 |       ||   153
       Crystal plate arm |       |       |       |       |       |   144 ||   144
Dodge: Dodged            |    11 |     7 |    25 |    90 |   182 |   180 ||   495
Block: Other             |       |       |       |     7 |    45 |    29 ||    81
       Reflection        |       |       |       |     1 |     3 |    10 ||    14
       Tower shield      |       |       |       |       |       |   161 ||   161

Table legend: (Time is in decaauts) A = Elapsed time spent in this place. B = Non-inter-level travel time spent in this place. C = Inter-level travel time spent in this place. D = Time resting spent in this place. E = Time spent auto-exploring this place. F = Levels seen in this place. G = Mean time per level. A B C D E F G +--------+--------+--------+--------+--------+-----+--------+ Total | 20650 | 20560 | 90 | 13759 | 478 | 1 | 20650.0 | Dungeon | 20650 | 20560 | 90 | 13759 | 478 | 1 | 20650.0 | +--------+--------+--------+--------+--------+-----+--------+

Top non-repeatable levels by time:
       D: 20650 daAuts
